 Dungeon Crawl Stone Soup version 0.22-b1-21-g5cfc168 (webtiles) character file.

120 letownia2 the Insei (level 4, -6/32 HPs)
             Began as a Demonspawn Transmuter on Aug 3, 2018.
             Killed by nerve-wracking pain
             ... invoked by an orc priest
              (14 damage)
             ... on level 3 of the Dungeon.
             The game lasted 00:06:31 (1090 turns).

letownia2 the Insei (Demonspawn Transmuter)         Turns: 1090, Time: 00:06:31

Health: -6/32      AC:  6    Str: 11    XL:     4   Next: 75%
Magic:  1/7        EV:  7    Int: 14    God:
Gold:   55         SH:  0    Dex: 14    Spells: 1/7 levels left

rFire    . . .     SeeInvis .     - Unarmed
rCold    . . .     Gourm    .   (no shield)
rNeg     . . .     Faith    .   e - +0 ring mail
rPois    .         Spirit   .   (no helmet)
rElec    .         Reflect  .   (no cloak)
rCorr    .         Harm     .   (no gloves)
MR       .....                  m - +0 pair of boots
Stlth    +.........             (no amulet)
HPRegen  0.10/turn              (no ring)
MPRegen  0.10/turn              (no ring)

@: appendage (expiring), very slightly contaminated, constricted
A: horns 2, powered by death 1, powered by pain 1
a: End Transformation


You were on level 3 of the Dungeon.
You were near starving.
You had grown temporary horns.
You visited 1 branch of the dungeon, and saw 3 of its levels.

You collected 55 gold pieces.

Inventory:

Hand Weapons
 o - a +0 short sword of freezing
Missiles
 a - 22 arrows
 n - 13 poisoned needles
Armour
 b - a +0 robe
 e - a +0 ring mail (worn)
 m - a +0 pair of boots (worn)
 p - a +0 chain mail
 r - a +0 scale mail
Scrolls
 f - a scroll of remove curse {unknown}
 h - a scroll of noise {unknown}
 j - 13 scrolls of identify {unknown}
 k - a scroll of magic mapping {unknown}
 l - a scroll of enchant armour {unknown}
Potions
 c - 2 potions of heal wounds {unknown}
 g - a potion of haste {unknown}
 i - a potion of flight {unknown}
 q - a potion of curing {unknown}
Comestibles
 d - 5 rations


   Skills:
 - Level 1.0 Fighting
 + Level 1.9 Armour
 - Level 1.7 Dodging
 + Level 3.9 Unarmed Combat
 - Level 2.0 Spellcasting
 + Level 2.6 Transmutations
 + Level 0.4 Poison Magic


You had one spell level left.
You knew the following spells:

 Your Spells              Type           Power        Failure   Level  Hunger
a - Beastly Appendage     Tmut           #.....       19%         1    ##.....
l - Sticks to Snakes      Tmut           #.......     28%         2    ###....
p - Spider Form           Tmut/Pois      #.........   65%         3    ####...

Your spell library contained the following spells:

 Spells                   Type           Power        Failure   Level  Hunger
 Blade Hands              Tmut           #.........   99%         5    ######.
 Ice Form                 Ice/Tmut       #.......     97%         4    #####..


Dungeon Overview and Level Annotations

Branches:
Dungeon (3/15)

Altars:
Okawaru

Annotations:
D:3 Sigmund


Innate Abilities, Weirdness & Mutations

You regenerate a little health from kills.
You sometimes gain a little power by taking damage.
You have a pair of horns on your head.


Message History

You headbutt the orc priest, but do no damage.
You punch the orc priest, but do no damage.
The orc priest is almost dead.
You are near starving!
The ball python closely misses you. The ball python constricts you.
The orc priest calls down the wrath of Beogh upon you.
Beogh smites you!
* * * LOW HITPOINT WARNING * * *
Your ball python bites the orc priest but does no damage.
Your ball python constricts the orc priest.
Unknown command.
You hit the orc priest but do no damage.
The orc priest is almost dead.
The ball python barely misses you. The ball python constricts you.
The worm closely misses your ball python.
Your ball python bites the orc priest but does no damage.
Your ball python constricts the orc priest.
The orc priest calls down the wrath of Beogh upon you.
Pain shoots through your body!
You die...

......o # .(..w.........#
....s. . ....>.........#
#..... .##..............#
...#.# #......#.........#
.#.#.## #......##..<.....#
......###......#..#......#
#..............#.#.......#
......###......#.ow......#
#.....# #......S@S##..####
#.....# #.......#.# ..#
#.....# #......##<# #%.
#...### ######....# ...
#.### #..### ..# #..#
..##### #..# ......# #..#
......# #..#


You could see a worm, an orc priest, a ball python and a friendly ball python.

Vanquished Creatures
  An orc priest (D:3)
  3 adders (D:2)
  2 oozes
  A worm (D:2)
  2 dart slugs (D:1)
  2 leopard geckos
  5 orcs
  3 giant cockroaches
  3 goblins
  4 hobgoblins
  3 ball pythons
  6 bats
  4 frilled lizards
  7 kobolds
  4 rats
50 creatures vanquished.

Notes
Turn   | Place    | Note
-------+----------+-------------------------------------------
     0 | D:1      | letownia2 the Demonspawn Transmuter began the quest for the Orb.
     0 | D:1      | Reached XP level 1. HP: 15/15 MP: 3/3
    18 | D:1      | Reached skill level 3 in Unarmed Combat
    67 | D:1      | Gained mutation: You regenerate a little health from kills. [demonic ancestry]
    67 | D:1      | Reached XP level 2. HP: 9/21 MP: 3/5
   258 | D:2      | Learned a level 2 spell: Sticks to Snakes
   320 | D:2      | Found an iron altar of Okawaru.
   401 | D:2      | Gained mutation: You sometimes gain a little power by taking damage. [demonic ancestry]
   401 | D:2      | Reached XP level 3. HP: 22/26 MP: 4/6
   407 | D:2      | Reached skill level 1 in Armour
   720 | D:3      | Reached XP level 4. HP: 15/32 MP: 3/7
   739 | D:3      | Learned a level 3 spell: Spider Form
   911 | D:3      | Noticed Sigmund
  1090 | D:3      | Killed from afar by an orc priest

Skill      XL: |  1  2  3 |
---------------+----------+-----
Unarmed Combat | 3 |  3.9
Transmutations | 2 |  2.6
Armour         | 1 |  1.9
Fighting       | |  1.0
Dodging        | |  1.7
Spellcasting   | |  2.0
Poison Magic   | |  0.4

Action                   |  1- 3 |  4- 6 || total
-------------------------+-------+-------++-------
Melee: Unarmed           |   128 |    50 ||   178
       Headbutt          |     7 |     9 ||    16
       Punch             |     3 |     1 ||     4
       Kick              |    11 |       ||    11
 Cast: Beastly Appendage |    20 |    10 ||    30
       Sticks to Snakes  |     2 |     4 ||     6
 Stab: Distracted        |     1 |       ||     1
  Eat: Chunk             |       |     1 ||     1
Armor: Robe              |     2 |       ||     2
       Ring mail         |    48 |    23 ||    71
Dodge: Dodged            |    78 |    31 ||   109
